 Dungeon Crawl Stone Soup version 0.26.0-16-gc1dbca0489 (webtiles) character file.

Game seed: 4106028580763515846

8502 112233 the Thaumaturge (level 11, -26/71 HPs)
             Began as an Octopode Venom Mage on Jan 20, 2021.
             Was an Initiate of Gozag.
             Annihilated by a boulder beetle (46 damage)
             ... on level 9 of the Dungeon.
             The game lasted 00:14:55 (16487 turns).

112233 the Thaumaturge (Octopode Venom Mage)       Turns: 16487, Time: 00:14:55

Health: -26/71     AC:  1    Str:  7    XL:     11   Next: 31%
Magic:  1/26       EV: 20    Int: 20    God:    Gozag
Gold:   1590       SH:  0    Dex: 20    Spells: 19/32 levels left

rFire    . . .     SeeInvis .   h - +7 club
rCold    . . .     Faith    +   (no shield)
rNeg     . . .     Spirit   .   (helmet restricted)
rPois    .         Reflect  .   x - amulet of faith
rElec    .         Harm     .   E - +6 ring of dexterity
rCorr    .         Rampage  .   (no ring)
Will     .....                  (no ring)
Stlth    +++.......             (no ring)
HPRegen  0.21/turn              (no ring)
MPRegen  0.20/turn              (no ring)
                                (no ring)
                                (no ring)

@: gold aura, very slightly contaminated
A: almost no armour, stealthy swim, amphibious, 8 rings, constrict 8, camouflage
1, gelatinous body 1
a: Renounce Religion, Potion Petition, Call Merchant, Bribe Branch


You were on level 9 of the Dungeon.
You worshipped Gozag.
Gozag was most pleased with you.
You visited 2 branches of the dungeon, and saw 10 of its levels.

You collected 1646 gold pieces.
You paid 56 gold pieces to Gozag.

Inventory:

Hand Weapons
 e - a +0 club
 h - a +7 club (weapon)
 A - a +0 vorpal long sword
Missiles
 p - 2 javelins
 v - 54 poisoned darts
Armour
 k - a +0 tower shield
Jewellery
 x - an amulet of faith (around mantle)
 E - a +6 ring of dexterity (left tentacle)
 F - an uncursed ring of see invisible {unknown}
Wands
 m - a wand of flame (30)
 y - a wand of paralysis (2)
 B - a wand of digging (5)
 G - a wand of iceblast (8)
Scrolls
 a - 2 scrolls of identify {unknown}
 b - 2 scrolls of amnesia {unknown}
 c - 2 scrolls of random uselessness {unknown}
 d - a scroll of enchant weapon {unknown}
 f - 5 scrolls of teleportation {@r3}
 g - 2 scrolls of magic mapping {unknown}
 i - a scroll of blinking
 j - 4 scrolls of remove curse {@r2}
 l - 3 scrolls of immolation {unknown}
 t - 2 scrolls of fog {unknown}
 D - 2 scrolls of enchant armour {unknown}
 I - a scroll of fear {unknown}
 J - a scroll of acquirement {unknown}
Potions
 n - 2 potions of magic {unknown}
 o - 3 potions of haste {unknown}
 q - 2 potions of cancellation {unknown}
 r - a potion of degeneration {unknown}
 s - a potion of flight {unknown}
 u - a potion of invisibility {unknown}
 w - 2 potions of curing {@q1}
 z - a potion of heal wounds
 C - 2 potions of brilliance {unknown}
 H - a potion of lignification {unknown}
 K - 2 potions of resistance {unknown}


   Skills:
 + Level 5.1 Fighting
 + Level 8.8 Dodging
 - Level 2.6 Stealth
 * Level 11.1 Spellcasting
 - Level 1.0 Transmutations
 + Level 2.9 Air Magic
 - Level 9.0 Poison Magic


You had 19 spell levels left.
You knew the following spells:

 Your Spells              Type           Power        Failure   Level
a - Sting                 Tmut/Pois      100%         1%          1
b - Poisonous Vapours     Pois/Air       70%          1%          2
c - Ignite Poison         Fire/Tmut/Pois 24%          4%          3
d - Olgreb's Toxic Radia  Pois           47%          1%          4
e - Mephitic Cloud        Conj/Pois/Air  27%          3%          3

Your spell library contained the following spells:

 Spells                   Type           Power        Failure   Level
 Swiftness                Air            23%          2%          2
 Shock                    Conj/Air       68%          3%          1
 Corona                   Hex            12%          6%          1
 Summon Small Mammal      Summ           44%          6%          1
 Call Imp                 Summ           11%          10%         2
 Slow                     Hex            11%          10%         2
 Static Discharge         Conj/Air       17%          10%         3
 Call Canine Familiar     Summ           11%          19%         3
 Inner Flame              Hex/Fire       11%          19%         3
 Portal Projectile        Hex/Tloc       22%          19%         3
 Summon Guardian Golem    Hex/Summ       11%          19%         3
 Airstrike                Air            11%          19%         4
 Summon Lightning Spire   Summ/Air       17%          32%         4
 Cause Fear               Hex            5%           52%         4
 Leda's Liquefaction      Hex/Erth       5%           52%         4
 Summon Ice Beast         Ice/Summ       11%          52%         4
 Lightning Bolt           Conj/Air       8%           67%         5


Dungeon Overview and Level Annotations

Branches:
Dungeon (9/15)             Temple (1/1) D:4
   Lair: D:8-11         Orc: D:9-12

Altars:
Ashenzari
Cheibriados
Dithmenos
Elyvilon
Fedhas
Gozag
Kikubaaqudgha
Makhleb
Nemelex Xobeh
Okawaru
Qazlal
Ru
Wu Jian
Xom
Zin
The Shining One

Shops:
D:5 (

Annotations:
D:3 3 runed translucent doors, exclusion: downstairs, RedRedRas's ghost, amateur HOMo
D:8 exclusion: upstairs


Innate Abilities, Weirdness & Mutations

You cannot wear most types of armour.
You are very stealthy in the water. (Stealth+)
You are amphibious.
You can wear up to eight rings at the same time.
You can use your tentacles to constrict eight enemies at once.
Your skin changes colour to match your surroundings (Stealth+).
Your rubbery body absorbs attacks. (AC +1, EV +1)


Message History

The boulder beetle curls into a ball and begins rolling!
Aiming: Iceblast
Aim: a boulder beetle (severely wounded, very poisoned)
The mass of ice explodes!
The iceblast engulfs the boulder beetle!
You hear a bark!
Aiming: Iceblast
Aim: a boulder beetle (almost dead, very poisoned)
The mass of ice explodes!
The iceblast engulfs the boulder beetle.
You hear a howl!
Unknown command.
Casting: Ignite Poison (dangerous; 4% risk of failure)
Aiming: Sting (safe; 1% risk of failure)
Aim: a boulder beetle (almost dead, poisoned, 0% to evade)
The sting hits the boulder beetle but does no damage.
The boulder beetle looks even sicker.
The boulder beetle hits you!!!
Ouch! That really hurt!
You die...
Your body crumbles into a pile of gold.

###### #.
########.....#
..?.... $
.......
.......
.......
...?...
....... ####
.. ## #@.# ...
#.# #B##..#
#..## .:##○#
#.# ##.#)
.}#°# #
....###.°#
#|.#$$# #|.$##
$ ###.###
#.....#


You could see a boulder beetle (very poisoned).

Vanquished Creatures
  Erica (D:8)
  Pikel (D:4)
  A cyclops (D:9)
  An ugly thing (D:7)
  Maggie (D:8)
  A kobold demonologist (D:9)
  3 trolls
  A hornet (D:8)
  Grinder (D:4)
  A wyvern (D:9)
  6 yaks (D:9)
  A basilisk (D:9)
  Edmund (D:4)
  2 ice beasts
  A sky beast (D:9)
  3 orc warriors
  A black bear (D:7)
  3 phantoms
  6 ogres
  4 centaurs
  3 lemures (D:4)
  Blork the orc (D:4)
  4 bullfrogs
  4 scorpions
  A water moccasin skeleton (D:5)
  4 wights (D:8)
  3 howler monkeys (D:7)
  A bullfrog zombie (D:9)
  A jelly (D:5)
  5 hounds
  8 orc wizards
  6 orc priests
  2 bullfrog skeletons
  A centaur skeleton (D:4)
  Jessica (D:2)
  An iguana (D:5)
  Ijyb (D:5)
  Natasha (thrice) (D:2)
  9 worker ants
  A hound skeleton (D:4)
  4 gnolls
  9 adders
  A white imp (D:5)
  2 ufetubi
  2 oozes
  An adder zombie (D:7)
  2 adder skeletons (D:4)
  4 worms
  2 dart slugs (D:1)
  9 leopard geckos
  30 orcs
  A ball python (D:2)
  5 giant cockroaches
  7 hobgoblins
  15 jackals
  9 quokkas
  7 bats
  3 frilled lizards
  10 goblins
  6 kobolds
  A leopard gecko zombie (D:5)
  A quokka skeleton (D:5)
  7 rats
238 creatures vanquished.

Notes
Turn   | Place    | Note
-------+----------+-------------------------------------------
     0 | D:1      | 112233 the Octopode Venom Mage began the quest for the Orb.
     0 | D:1      | Reached XP level 1. HP: 11/11 MP: 3/3
    78 | D:1      | Reached XP level 2. HP: 3/17 MP: 0/5
   518 | D:1      | Learned a level 2 spell: Poisonous Vapours
   898 | D:1      | Reached XP level 3. HP: 21/21 MP: 0/6
  1706 | D:1      | Reached skill level 3 in Spellcasting
  1781 | D:2      | Reached XP level 4. HP: 24/27 MP: 1/8
  2007 | D:3      | Noticed a bullfrog
  2014 | D:3      | Killed a bullfrog
  2015 | D:3      | Reached XP level 5. HP: 27/31 MP: 0/10
  3645 | D:2      | Reached skill level 4 in Spellcasting
  4114 | D:2      | Noticed Jessica
  4116 | D:2      | Killed Jessica
  4117 | D:2      | Reached XP level 6. HP: 36/36 MP: 9/12
  4247 | D:2      | Noticed Natasha
  4252 | D:2      | Killed Natasha
  4253 | D:2      | Reached skill level 5 in Poison Magic
  4340 | D:2      | Noticed Natasha
  4345 | D:2      | Killed Natasha
  4641 | D:2      | Noticed Natasha
  4651 | D:2      | Killed Natasha
  5018 | D:3      | Found a runed translucent gate.
  5019 | D:3      | Found a runed translucent gate.
  5019 | D:3      | Found a runed translucent gate.
  5020 | D:3      | Noticed RedRedRas's ghost (amateur HOMo)
  5296 | D:3      | Reached XP level 7. HP: 41/41 MP: 5/14
  5648 | D:3      | Learned a level 4 spell: Olgreb's Toxic Radiance
  5755 | D:4      | Noticed Edmund
  5763 | D:4      | Noticed Grinder
  5768 | D:4      | Paralysed by Grinder for 3 turns
  5869 | D:4      | Reached skill level 5 in Spellcasting
  5893 | D:4      | Found a staircase to the Ecumenical Temple.
  5923 | Temple   | Entered the Ecumenical Temple
  6218 | Temple   | Became a worshipper of Gozag Ym Sagoz the Greedy
  6422 | D:5      | Entered Level 5 of the Dungeon
  6570 | D:4      | Killed Edmund
  7143 | D:4      | Learned a level 3 spell: Ignite Poison
  7278 | D:4      | Noticed Blork the orc
  7284 | D:4      | Killed Blork the orc
  7335 | D:4      | Reached XP level 8. HP: 17/46 MP: 1/16
  7571 | D:4      | Killed Grinder
  7572 | D:4      | Reached skill level 5 in Dodging
  7572 | D:4      | Reached skill level 6 in Spellcasting
  7950 | D:4      | Noticed Pikel
  7956 | D:4      | Killed Pikel
  7957 | D:4      | Reached skill level 7 in Spellcasting
  8523 | D:5      | Reached XP level 9. HP: 51/51 MP: 13/20
  8827 | D:5      | Found Adiyrph's Weapon Shop.
  8856 | D:5      | Noticed Ijyb
  9407 | D:5      | Killed Ijyb
  9418 | D:5      | Reached skill level 8 in Spellcasting
  9879 | D:6      | Found a shimmering altar of Xom.
 11420 | D:7      | Noticed a red ugly thing
 11956 | D:7      | You fall into a shaft and drop 2 floors!
 12124 | D:9      | Learned a level 3 spell: Mephitic Cloud
 12276 | D:7      | Reached skill level 1 in Fighting
 12276 | D:7      | Reached skill level 9 in Spellcasting
 12276 | D:7      | Noticed a troll
 12501 | D:8      | Reached XP level 10. HP: 39/58 MP: 23/23
 12932 | D:8      | Noticed Maggie
 12940 | D:8      | Killed Maggie
 13377 | D:8      | Noticed Erica
 13384 | D:8      | Killed Erica
 13413 | D:8      | Reached skill level 10 in Spellcasting
 14705 | D:7      | Killed a red ugly thing
 14902 | D:7      | Reached skill level 1 in Air Magic
 15471 | D:9      | Reached XP level 11. HP: 70/70 MP: 13/25
 15584 | D:9      | Noticed a cyclops
 15934 | D:9      | Killed a cyclops
 16209 | D:9      | Reached skill level 5 in Fighting
 16209 | D:9      | Reached skill level 11 in Spellcasting
 16467 | D:9      | Noticed a boulder beetle
 16472 | D:9      | Identified Sif Muna's Compendium of Evil Contamination
 16487 | D:9      | Annihilated by a boulder beetle

Illustrated notes

Levels and vault maps discovered:
D:1:      minmay_arrival_radiant_lines, layout_basic
D:2:      layout_basic, uniq_jessica, uniq_natasha
D:3:      layout_loops_ring, ebering_ghost_rock_garden
D:4:      layout_gridville, minmay_temple_entry_statues_fountains, uniq_pikel,
          uniq_blork_the_orc, uniq_edmund, uniq_grinder
D:5:      layout_rooms, serial_shops, shop, uniq_ijyb
D:6:      layout_loops_ring, serial_rivers, chequers_serial_rivers_small_3,
          chequers_serial_rivers_room_b, chequers_serial_rivers_micro_d,
          chequers_serial_rivers_room_a, chequers_serial_rivers_micro_a, tgw_xom
D:7:      layout_rooms, corexii_item_surrounded_by_moat
D:8:      layout_loops_ring, uniq_erica, uniq_maggie
D:9:      minmay_the_grid_octo_tiled_squarecenter
          [minmay_the_grid_octo_odd_swirl, minmay_the_grid_octo_clover_2,
          minmay_the_grid_octo_fan_narrow, minmay_the_grid_octo_toaster,
          minmay_the_grid_square_5x5_megaprize_diamond,
          minmay_the_grid_square_5x5_two_walls_a,
          minmay_the_grid_square_5x5_inset,
          minmay_the_grid_square_5x5_checkered_statues,
          minmay_the_grid_square_5x5_minimal], layout_irregular_city,
          nzn_hepliaklqana_mist_gate
Temple:   dpeg_three_leaves_temple

Skill      XL: |  1  2  3  4  5  6  7  8  9 10 11 |
---------------+----------------------------------+-----
Poison Magic   | 4 5 6 7 9 |  9.0
Spellcasting   | 3 4 5 7 9 10 11 | 11.1
Dodging        | 3 4 5 7 8 |  8.8
Fighting       | 1 4 5 |  5.1
Air Magic      | 2 |  2.9
Stealth        | |  2.6
Transmutations | |  1.0

Action                   |  1- 3 |  4- 6 |  7- 9 | 10-12 || total
-------------------------+-------+-------+-------+-------++-------
Melee: Unarmed           |    12 |       |       |       ||    12
       Constrict         |     5 |     4 |    10 |     7 ||    26
       Tentacles         |     2 |     1 |     8 |    15 ||    26
       Club              |     4 |    11 |    59 |    69 ||   143
 Cast: Sting             |    29 |    30 |    62 |    14 ||   135
       Poisonous Vapours |    20 |    74 |   181 |    76 ||   351
       Olgreb's Toxic Ra |       |       |     5 |     5 ||    10
       Ignite Poison     |       |       |    18 |    20 ||    38
       Mephitic Cloud    |       |       |       |     6 ||     6
Evoke: Wand              |       |       |       |     8 ||     8
  Use: Potion            |       |     3 |       |       ||     3
       Scroll            |       |       |       |     4 ||     4
 Stab: Distracted        |       |       |     1 |       ||     1
       Paralysed         |       |       |       |     4 ||     4
Armor: Skin              |     1 |     5 |     1 |     4 ||    11
Dodge: Dodged            |    24 |    19 |   105 |    96 ||   244
